 Dungeon Crawl Stone Soup version 0.32-a0-699-g1ee5eff69a (webtiles) character file.

Game seed: 1923930449222799340

100606 Berder the Thaumaturge (level 16, -1/158 HPs)
             Began as a Naga Fire Elementalist on Mar 13, 2024.
             Was a High Priest of Vehumet.
             Slain by a titan zombie (20 damage)
             ... on level 1 of the Orcish Mines on Mar 14, 2024.
             The game lasted 01:34:20 (31179 turns).

Berder the Thaumaturge (Naga Fire Elementalist)    Turns: 31179, Time: 01:34:21

Health: -1/158     AC:  8    Str: 17    XL:     16   Next: 28%
Magic:  26/43      EV:  7    Int: 26    God:    Vehumet [*****.]
Gold:   2757       SH: 11    Dex: 10    Spells: 4/43 levels left

rFire   + . .        c - staff of conjuration
rCold   . . .        A - +1 kite shield {rC+}
rNeg    . . .        C - +0 steam dragon scales
rPois   +            (no helmet)
rElec   .            M - +0 cloak
rCorr   .            (no gloves)
SInv    +            (no barding)
Will    ++...        R - amulet of a Million Spreadsheets {Regen+ Int+5}
Stlth   ++           h - ring of magical power
HPRegen 1.26/turn    I - ring of fire
MPRegen 0.28/turn

%: no passive effects
@: about to teleport, studying Maces & Flails, very slow
A: AC +5, large, see invisible, deformed body, poison resistance, slowness 2,
spit poison 1, naga tail 2, strong 1
a: Spit Poison, Renounce Religion


You were on level 1 of the Orcish Mines.
You worshipped Vehumet.
Vehumet was extremely pleased with you.
You visited 4 branches of the dungeon, and saw 22 of its levels.
You also visited: Ice Cave.

You collected 2822 gold pieces.
You spent 65 gold pieces at shops.

Inventory:

Hand Weapons
 a - the +6 whip "Zugoig" {venom, +Blink rF+ rC+ Str+4}
   (You found it on level 7 of the Dungeon)

   Str+4:     It affects your strength (+4).
   rF+:       It protects you from fire.
   rC+:       It protects you from cold.
   +Blink:    It lets you blink.
 L - a +1 demon whip of venom
Armour
 A - a +1 kite shield of cold resistance (worn)
 C - +0 steam dragon scales (worn)
 M - a +0 cloak (worn)
Magical Staves
 c - a staff of conjuration (weapon)
Jewellery
 h - a ring of magical power (left hand)
 s - the amulet "Hinaerue" {Reflect rF- Int+7 SH+5}
   (You found it in an ice cave)

   [amulet of reflection]

   Reflect:   It reflects blocked missile attacks.
   Int+7:     It affects your intelligence (+7).
   rF-:       It makes you vulnerable to fire.
   SH+5:      It affects your SH (+5).
 w - a ring of resist corrosion
 I - a ring of fire (right hand)
 N - a ring of protection from cold
 P - a ring of protection from cold
 R - the amulet of a Million Spreadsheets (around neck) {Regen+ Int+5}
   (You found it in an ice cave)

   [amulet of regeneration]

   Int+5:     It affects your intelligence (+5).
   Regen+:    It increases your rate of health regeneration.
 T - a ring of fire
 Z - a ring of fire
Wands
 b - a wand of warping (12)
 l - a wand of mindburst (5)
 q - a wand of flame (24)
 J - a wand of polymorph (4)
 K - a wand of charming (5)
 W - a wand of light (10)
Scrolls
 d - a scroll of brand weapon
 e - 6 scrolls of fear
 f - 3 scrolls of amnesia
 j - 3 scrolls of enchant armour
 k - a scroll of summoning
 m - a scroll of revelation
 n - 4 scrolls of identify
 p - 5 scrolls of fog
 r - 8 scrolls of teleportation
 t - 4 scrolls of vulnerability
 u - a scroll of blinking
 x - 3 scrolls of immolation
 G - 8 scrolls of poison
 X - a scroll of silence
 Y - a scroll of enchant weapon
Potions
 g - 5 potions of mutation
 i - a potion of invisibility {unknown}
 o - 2 potions of haste
 v - 3 potions of lignification
 B - 9 potions of curing
 D - a potion of enlightenment
 E - 2 potions of cancellation
 F - 3 potions of might
 H - a potion of attraction
 O - 2 potions of heal wounds
 Q - 2 potions of ambrosia {unknown}
 S - 3 potions of berserk rage {unknown}
 U - 2 potions of magic
 V - a potion of resistance {unknown}
Miscellaneous
 y - a phial of floods


   Skills:
 - Level 13.9 Fighting
 - Level 1.5 Dodging
 - Level 3.0 Stealth
 + Level 10.0 Shields
 + Level 14.4 Spellcasting
 - Level 13.7 Conjurations
 + Level 9.6 Fire Magic
 - Level 2.0 Air Magic
 - Level 6.0 Alchemy


You had 4 spell levels left.
You knew the following spells:

 Your Spells              Type           Power      Damage    Failure   Level
a - Foxfire               Conj/Fire      100%       2x1d9     1%          1
b - Iskenderun's Battles  Conj           94%        2d14      1%          5
c - Mercury Vapours       Alch/Air       78%        N/A       1%          2
d - Flame Wave            Conj/Fire      100%       2d21      1%          4
e - Olgreb's Toxic Radia  Alch           49%        N/A       1%          4
f - Scorch                Fire           100%       2d9       1%          2
g - Irradiate             Conj/Alch      40%        3d25      1%          5
h - Ignite Poison         Fire/Alch      73%        N/A       1%          4
i - Fireball              Conj/Fire      54%        3d21      1%          5
j - Orb of Destruction    Conj           47%        9d12      5%          7

Your spell library contained the following spells:

 Spells                   Type           Power      Damage    Failure   Level
 Permafrost Eruption      Ice/Erth       9%         2x4d4     89%         6
 Shock                    Conj/Air       100%       1d9       1%          1
 Sting                    Conj/Alch      100%       1d9       1%          1
 Searing Ray              Conj           100%       2d8       1%          2
 Inner Flame              Hex/Fire       60%        N/A       1%          3
 Stone Arrow              Conj/Erth      100%       3d13      1%          3
 Volatile Blastmotes      Fire/Tloc      100%       2d18      1%          3
 Necrotise                Necr           72%        1d7       6%          1
 Slow                     Hex            72%        N/A       6%          1
 Call Imp                 Summ           36%        N/A       9%          2
 Sublimation of Blood     Necr           18%        N/A       9%          2
 Call Canine Familiar     Summ           18%        N/A       19%         3
 Confusing Touch          Hex            18%        N/A       19%         3
 Sigil of Binding         Hex            18%        N/A       19%         3
 Summon Ice Beast         Ice/Summ       18%        N/A       19%         3
 Tukima's Dance           Hex            18%        N/A       19%         3
 Vampiric Draining        Necr           18%        2d7       19%         3
 Animate Armour           Summ/Erth      36%        N/A       52%         4
 Dimensional Bullseye     Hex/Tloc       9%         N/A       52%         4
 Martyr's Knell           Necr/Summ      18%        N/A       52%         4
 Passage of Golubria      Tloc           18%        N/A       52%         4
 Arcjolt                  Conj/Air       37%        1d47      1%          5
 Starburst                Conj/Fire      54%        6d15      2%          6
 Conjure Ball Lightning   Conj/Air       37%        3x3d12    11%         6
 Yara's Violent Unravell  Hex/Alch       17%        3d8       13%         5
 Curse of Agony           Necr           18%        N/A       86%         5
 Summon Mana Viper        Hex/Summ       18%        N/A       86%         5
 Lehudib's Crystal Spear  Conj/Erth      34%        10d9      99%         8
 Monstrous Menagerie      Summ           9%         N/A       100%        7
 Summon Hydra             Summ           9%         N/A       100%        7


Dungeon Overview and Level Annotations

Branches:
Dungeon (15/15)            Temple (1/1) D:7            Lair (5/5) D:9
 Shoals (0/4) Lair:3       Spider (0/4) Lair:2        Slime (0/5) Lair:5
    Orc (1/2) D:10         Vaults (0/5) D:14         Depths (0/4) D:15
  IceCv (visited)

Altars:
Ashenzari
Cheibriados
Dithmenos
Elyvilon
Fedhas
Gozag
Hepliaklqana
Kikubaaqudgha
Makhleb
Nemelex Xobeh
Okawaru
Qazlal
Ru
Sif Muna
Trog
Uskayaw
Vehumet
Wu Jian
Xom
Yredelemnul
Zin
The Shining One
Jiyva

Shops:
D:3 ?   D:6 :

Annotations:
D:14 3 runed translucent doors, GreenGuy14's ghost, journeyman FeSh
Temple 2 transporters
Lair:5 exclusion: obsidian statue


Innate Abilities, Weirdness & Mutations

Your serpentine skin is tough. (AC +5)
You have supernaturally acute eyesight. (SInv)
Armour fits poorly on your strangely shaped body.
Your system is resistant to poisons. (rPois)
You cover ground very slowly.
You can spit poison.
You can use your snake-like lower body to constrict enemies.
Your muscles are strong. (Str +4, Int/Dex -1)


Message History

The fireball engulfs the titan zombie!!
The titan zombie is heavily damaged.
The fireball engulfs the titan zombie!!
The titan zombie is lightly damaged.
Fireball ; 33; 108; 0; Poisonous vapours; Nil x2; ; 0; Bombard; 0 x2; ; 0 Airstrike; 0 x2; ; 0; Shock; 0 x2; ; 0; Stone arrow; 0 x2; ; 0 Fire storm uncastable; 0 x2; ; 0; Ignition; 0 x2; ; 0; Starburst; 0 x2; ; 5.5 Scorch; 0 x2; ; 8.91; Foxfire; 0 x2; ; 98.01; Fireball; 2; -1; You feel a strong surge of power!
The fireball explodes!
The fireball engulfs the stone giant zombie!!
The stone giant zombie is heavily damaged.
The fireball engulfs the titan zombie!!
The titan zombie is moderately damaged.
The fireball engulfs the titan zombie!!
The titan zombie is lightly damaged.
The stone giant zombie hits you!! The titan zombie barely misses you.
Fireball ; 33; 108; 0; Poisonous vapours; Nil x2; ; 0; Bombard; 0 x2; ; 0 Airstrike; 0 x2; ; 0; Shock; 0 x2; ; 0; Stone arrow; 0 x2; ; 0 Fire storm uncastable; 0 x2; ; 0; Ignition; 0 x2; ; 0; Starburst; 0 x2; ; 5.5 Scorch; 0 x2; ; 8.91; Foxfire; 0 x2; ; 32.67; Fireball; -1; 3; You feel a strong surge of power!
The fireball explodes!
The fireball engulfs the titan zombie.
The titan zombie is heavily damaged.
The stone giant zombie hits you!! The titan zombie hits you!!
Unknown command.
The stone giant zombie attacks as it pursues you!
The stone giant zombie hits you. The titan zombie hits you.
The titan zombie attacks as it pursues you!
You block the titan zombie's attack.
Okay, then.
As you read the scroll of teleportation, it crumbles to dust.
You feel strangely unstable. The stone giant zombie hits you!
The titan zombie hits you!
* * * LOW HITPOINT WARNING * * *
The stone giant zombie attacks as it pursues you!
The stone giant zombie hits you!!
* * * LOW HITPOINT WARNING * * *
The titan zombie attacks as it pursues you!
You block the titan zombie's attack. The titan zombie hits you!!
You die...

#...#))##.........
##'##))##.........
#.##))##.........
#.##))##.........
##)##'####........
#..((...##........
#.......##........
#.......###.......
#@ZZ....##........
#ZZ.....###..P....
#.......# #.......
#.......####......
#.......'((##.....
#.....))#((###....
#>..#..)# ## #....
######### #..#.
#####


You could see a stone giant zombie and 3 titan zombies.

Vanquished Creatures
  Jorgrun (Orc:1)
  A stone giant (Orc:1)
  5 dire elephants (Lair:5)
  A white draconian (IceCv)
  An ettin (Orc:1)
  Harold (Lair:1)
  4 hydras
  A sphinx zombie (D:15)
  2 ogre magi (D:15)
  4 catoblepae (Lair:4)
  6 centaur warriors
  12 two-headed ogres
  A death yak (Lair:5)
  4 tengu warriors
  A fire crab (D:9)
  2 spectral death yaks (Lair:5)
  3 skeletal warriors (D:15)
  Amaemon (D:10)
  A spectral anaconda (Lair:5)
  A storm dragon skeleton (D:15)
  A deep troll (D:14)
  A flayed ghost (D:15)
  4 necromancers
  6 lindwurms
  A harpy (shapeshifter) (D:14)
  A deep elf pyromancer (D:12)
  A phantasmal warrior (D:14)
  2 manticores
  22 cyclopes
  4 ugly things
  Joseph (D:7)
  12 elephants
  8 slime creatures
  4 black mambas
  2 ice statues (IceCv)
  An orange demon (D:10)
  23 cane toads
  An unseen horror (D:10)
  7 rime drakes
  2 efreet
  6 komodo dragons
  A freezing wraith (D:15)
  A tengu conjurer (D:15)
  7 trolls
  3 polar bears
  A queen bee (shapeshifter) (D:14)
  A hornet (D:9)
  A raiju (shapeshifter) (D:14)
  17 blink frogs
  A snapping turtle (Lair:3)
  5 dream sheep (Lair:5)
  A spectral elephant (Lair:5)
  A shadow (D:11)
  A water elemental (Lair:3)
  8 wyverns
  47 yaks
  2 wraiths
  2 vampires
  8 basilisks
  2 wargs (Orc:1)
  A steam dragon (D:6)
  14 vampire mosquitoes
  Menkaure (D:7)
  A death yak simulacrum (Lair:5)
  A spectral cane toad (Lair:5)
  3 acid dragons
  15 water moccasins
  7 orc warriors
  4 black bears
  11 ogres
  A sky beast (D:7)
  An elephant zombie (Lair:5)
  36 wolves
  16 centaurs
  An elephant skeleton (Lair:5)
  A kobold brigand (D:8)
  2 gnoll sergeants (D:7)
  14 bullfrogs
  9 scorpions
  4 wights (D:9)
  6 lindwurm simulacra (IceCv)
  An elephant simulacrum (Lair:5)
  2 electric eels
  3 howler monkeys
  5 komodo dragon simulacra (IceCv)
  5 hounds
  A bombardier beetle (D:2)
  4 jellies
  8 orc priests
  Crazy Yiuf (D:7)
  4 sleepcaps
  Jessica (D:3)
  2 iguanas
  14 orc wizards
  8 hell rats
  3 adders
  9 gnolls (D:7)
  7 acid dragon simulacra (IceCv)
  A shadow imp (D:7)
  3 white imps
  2 ufetubi (D:6)
  3 steam dragon simulacra (IceCv)
  2 ribbon worms (Lair:2)
  4 dart slugs
  81 orcs
  8 ball pythons
  6 bats
  15 endoplasms
  4 giant cockroaches
  6 goblins
  3 hobgoblins
  4 jackals (D:1)
  5 quokkas
  4 frilled lizards
  14 kobolds
  5 rats
  2 butterflies (Lair:4)
672 creatures vanquished.

Vanquished Creatures (collateral kills)
  An orc warrior (D:8)
  5 foxfires
6 creatures vanquished.

Vanquished Creatures (others)
  963 foxfires
963 creatures vanquished.

Grand Total: 1641 creatures vanquished

Notes
Turn   | Place    | Note
-------+----------+-------------------------------------------
     0 | D:1      | Berder the Naga Fire Elementalist began the quest for the
                  | Orb.
     0 | D:1      | Reached XP level 1. HP: 15/15 MP: 3/3
   250 | D:1      | Reached XP level 2. HP: 20/22 MP: 1/5
   258 | D:1      | Learned a level 2 spell: Scorch
   954 | D:1      | Found a faded altar of an unknown god.
   991 | D:1      | Reached XP level 3. HP: 28/28 MP: 3/6
  1252 | D:2      | Found a stormy altar of Qazlal.
  1559 | D:2      | Reached XP level 4. HP: 36/36 MP: 7/7
  2476 | D:3      | Found a sacrificial altar of Ru.
  2495 | D:3      | Found an ornate altar of the Wu Jian Council.
  2552 | D:3      | Reached XP level 5. HP: 12/42 MP: 8/8
  2567 | D:3      | Gained mutation: You are occasionally teleported next to
                  | monsters. [potion of mutation]
  2567 | D:3      | Gained mutation: You have sharp fingernails. [potion of
                  | mutation]
  2568 | D:3      | Lost mutation: You are occasionally teleported next to
                  | monsters. [potion of mutation]
  2568 | D:3      | Lost mutation: You have sharp fingernails. [potion of
                  | mutation]
  2568 | D:3      | Gained mutation: Your muscles are strong. (Str +4, Int/Dex
                  | -1) [potion of mutation]
  3053 | D:3      | Noticed Jessica
  3061 | D:3      | Killed Jessica
  3123 | D:3      | Found Cexzef's Magic Scroll Boutique.
  3133 | D:3      | Bought a scroll of teleportation for 39 gold pieces
  3133 | D:3      | Bought a scroll of identify for 26 gold pieces
  3512 | D:3      | Found a sparkling altar of Nemelex Xobeh.
  3775 | D:4      | You fall into a shaft and drop 1 floor!
  3775 | D:5      | Entered Level 5 of the Dungeon
  4300 | D:4      | Reached XP level 6. HP: 49/49 MP: 9/9
  4312 | D:4      | Learned a level 2 spell: Mercury Vapours
  4780 | D:5      | Reached skill level 1 in Air Magic
  4780 | D:5      | Reached skill level 1 in Alchemy
  5112 | D:5      | Reached XP level 7. HP: 55/55 MP: 11/11
  5163 | D:5      | Reached skill level 3 in Spellcasting
  5164 | D:5      | Noticed a two-headed ogre
  5436 | D:5      | Reached skill level 4 in Spellcasting
  5611 | D:6      | Reached skill level 5 in Conjurations
  5611 | D:6      | Reached skill level 5 in Fire Magic
  5709 | D:6      | Reached XP level 8. HP: 37/62 MP: 12/14
  5734 | D:6      | Learned a level 4 spell: Flame Wave
  6606 | D:6      | Found Dellen's Self-Improvement Boutique.
  7015 | D:7      | Reached skill level 5 in Spellcasting
  7018 | D:7      | Reached XP level 9. HP: 56/68 MP: 12/16
  7184 | D:7      | Identified the +6 whip "Zugoig" {venom, +Blink rF+ rC+
                  | Str+4}
  7365 | D:7      | Found a staircase to the Ecumenical Temple.
  7375 | Temple   | Found a transporter.
  7375 | Temple   | Found a transporter.
  7375 | Temple   | Found a transporter.
  7375 | Temple   | Found a transporter.
  7375 | Temple   | Entered the Ecumenical Temple
  7395 | Temple   | Became a worshipper of Vehumet
  7533 | D:7      | Noticed Menkaure
  7541 | D:7      | Killed Menkaure
  7793 | D:7      | Found a runed translucent door.
  7794 | D:7      | Noticed Crazy Yiuf
  8023 | D:7      | Noticed Joseph
  8620 | D:8      | Noticed a two-headed ogre
  8628 | D:8      | Killed a two-headed ogre
  8628 | D:8      | Reached * piety under Vehumet
  8628 | D:8      | Offered knowledge of Kiss of Death by Vehumet.
  8629 | D:8      | Reached skill level 6 in Spellcasting
  8629 | D:8      | Reached XP level 10. HP: 75/75 MP: 16/19
  9009 | D:8      | Learned a level 4 spell: Olgreb's Toxic Radiance
  9590 | D:9      | Found a staircase to the Lair.
  9590 | D:9      | Noticed a fire crab
  9900 | D:9      | Reached skill level 5 in Alchemy
  9940 | D:9      | Reached skill level 1 in Fighting
 10043 | D:9      | Noticed a two-headed ogre
 10051 | D:9      | Killed a two-headed ogre
 10052 | D:9      | Reached skill level 5 in Fighting
 10706 | D:9      | Killed a fire crab
 10707 | D:9      | Reached XP level 11. HP: 42/100 MP: 18/20
 11256 | D:10     | Entered Level 10 of the Dungeon
 11554 | D:10     | Noticed Amaemon
 11566 | D:10     | Killed Amaemon
 11838 | D:10     | Offered knowledge of Momentum Strike by Vehumet.
 11838 | D:10     | Reached ** piety under Vehumet
 12241 | D:10     | Found a staircase to the Orcish Mines.
 12378 | D:7      | Killed Joseph
 12379 | D:7      | Reached skill level 7 in Spellcasting
 12489 | D:7      | Killed Crazy Yiuf
 12681 | D:5      | Killed a two-headed ogre
 13075 | Lair:1   | Entered Level 1 of the Lair of Beasts
 13095 | Lair:1   | Offered knowledge of Searing Ray by Vehumet.
 13250 | Lair:1   | Reached skill level 8 in Spellcasting
 13255 | Lair:1   | Reached skill level 10 in Fighting
 13358 | Lair:1   | Noticed Harold
 13367 | Lair:1   | Killed Harold
 13368 | Lair:1   | Reached XP level 12. HP: 83/116 MP: 17/24
 13374 | Lair:1   | HP: 2/116 [cane toad (20)]
 13757 | Lair:1   | Reached *** piety under Vehumet
 14295 | Lair:2   | Reached skill level 9 in Spellcasting
 14697 | Lair:2   | Offered knowledge of Fulminant Prism by Vehumet.
 15182 | Lair:2   | Reached skill level 10 in Spellcasting
 15391 | Lair:2   | Found a hole to the Spider Nest.
 15480 | Lair:2   | Reached **** piety under Vehumet
 16084 | Lair:3   | Offered knowledge of Iskenderun's Battlesphere by Vehumet.
 16086 | Lair:3   | Noticed an eight-headed hydra
 16090 | Lair:3   | Noticed a five-headed hydra
 16261 | Lair:3   | Gained mutation: You can use your snake-like lower body to
                  | constrict enemies. [Naga growth]
 16261 | Lair:3   | Reached XP level 13. HP: 122/130 MP: 27/27
 16296 | Lair:3   | Learned a level 5 spell: Iskenderun's Battlesphere
 16789 | D:11     | Reached skill level 1 in Shields
 17549 | D:11     | Reached skill level 11 in Spellcasting
 18207 | D:12     | Reached ***** piety under Vehumet
 19133 | D:13     | Offered knowledge of Irradiate by Vehumet.
 19143 | D:13     | Learned a level 5 spell: Irradiate
 19737 | D:13     | Reached skill level 10 in Conjurations
 19954 | D:13     | Identified the +1 robe "Tek Mai" {rF- Regen+ Int+3}
 21059 | Lair:3   | Found a staircase to the Shoals.
 21408 | Lair:4   | Reached XP level 14. HP: 106/141 MP: 26/29
 21558 | Lair:4   | Found a frozen archway.
 21571 | IceCv    | Entered an ice cave
 21690 | IceCv    | Reached skill level 5 in Shields
 22175 | IceCv    | Noticed a white draconian
 22188 | IceCv    | Reached skill level 12 in Spellcasting
 22193 | IceCv    | Killed a white draconian
 22307 | IceCv    | Identified the amulet "Hinaerue" {Reflect rF- Int+7 SH+5}
 22443 | IceCv    | Identified the amulet of a Million Spreadsheets {Regen+
                  | Int+5}
 23454 | Lair:4   | Identified the +3 chain mail of Tempters {rN+ Slay+2}
 24112 | Lair:5   | Entered Level 5 of the Lair of Beasts
 24590 | Lair:5   | Found a viscous altar of Jiyva.
 24645 | Lair:5   | Found a staircase to the Slime Pits.
 25068 | Lair:5   | Noticed a dire elephant
 25068 | Lair:5   | Noticed a dire elephant
 25070 | Lair:5   | Noticed a dire elephant
 25070 | Lair:5   | Noticed a dire elephant
 25308 | Lair:5   | Reached XP level 15. HP: 33/150 MP: 26/31
 25445 | Lair:5   | Reached skill level 13 in Spellcasting
 26263 | Lair:5   | Offered knowledge of Ignite Poison by Vehumet.
 26272 | Lair:5   | Identified the +5 hand axe "Jikkyorph" {elec, Will- MP+9
                  | Dex+6 SInv}
 27170 | D:14     | Found a gate to the Vaults.
 27251 | D:14     | Found a runed translucent gate.
 27253 | D:14     | Found a runed translucent gate.
 27253 | D:14     | Noticed GreenGuy14's ghost (journeyman FeSh)
 27253 | D:14     | Noticed an acid blob
 27253 | D:14     | Noticed an acid blob
 27254 | D:14     | Noticed a rockslime
 27254 | D:14     | Found a runed translucent gate.
 27254 | D:14     | Noticed a rockslime
 27676 | D:14     | Found a viscous altar of Jiyva.
 27713 | D:15     | Entered Level 15 of the Dungeon
 27732 | D:15     | Learned a level 4 spell: Ignite Poison
 27732 | D:15     | Identified a scroll of acquirement
 27733 | D:15     | Acquired the Teachings on Conjured Haze
 27741 | D:15     | Learned a level 5 spell: Fireball
 27749 | D:15     | Learned a level 7 spell: Orb of Destruction
 27954 | D:15     | Reached ****** piety under Vehumet
 28433 | D:15     | Found a staircase to the Depths.
 28869 | D:15     | Found a hide-covered altar of Uskayaw.
 28881 | D:15     | Reached skill level 14 in Spellcasting
 29674 | Orc:1    | Entered Level 1 of the Orcish Mines
 29680 | Orc:1    | Reached XP level 16. HP: 153/158 MP: 22/34
 30006 | Orc:1    | Noticed Jorgrun
 30012 | Orc:1    | Killed Jorgrun
 30184 | Orc:1    | Offered knowledge of Permafrost Eruption by Vehumet.
 30989 | Orc:1    | Reached skill level 10 in Shields
 31117 | Orc:1    | Found the +8 demon trident "Rift" {distort, reach+}
 31118 | Orc:1    | Found the +7 staff of the Meek {protect, meekguard}
 31123 | Orc:1    | Identified the +7 morningstar "Huadghya" {freeze, *Rage
                  | MP+9 Str+6 Dex+2}
 31124 | Orc:1    | Identified the +2 war axe of the Winnowing Gods {flame,
                  | rElec rF+ Dex-3}
 31134 | Orc:1    | Identified the +2 flail of the Tent {heavy, rPois rCorr
                  | Str+3 Stlth+}
 31162 | Orc:1    | Identified the +1 mace "Foidiy" {speed, Int+2 Stlth+}
 31179 | Orc:1    | Slain by a titan zombie

Illustrated notes

Levels and vault maps discovered:
D:1:      mrwooster_arrival_arrow, layout_loops_ring,
          shapermc_ecumenical_altar_mp_vishouse, serial_park_tiny_1,
          minmay_misc_feat_cross
D:2:      layout_basic, basic_altar, grunt_ministairs_2
D:3:      layout_basic, nemelex_spade_bored_becter, grunt_temple_overflow_open,
          serial_shops, shop, minmay_close_crescents, uniq_jessica
D:4:      layout_loops_cross
D:5:      layout_cave_pools
D:6:      layout_loops_ring, nicolae_shop_self_help
D:7:      layout_basic, minmay_temple_entry_glassed_door, grunt_decor_arrowhead,
          uniq_joseph, uniq_crazy_yiuf_cottage, uniq_menkaure
D:8:      layout_loops_cross, kennysheep_decorative_pillar, st_stairs_9,
          hangedman_decor_growths
D:9:      layout_loops_ring, minmay_lair_entry_lava, kennysheep_big_empty_room,
          minmay_misc_feat_rows
D:10:     layout_irregular_city, hiddenorc1_lemuel, eino_tiny_chamber,
          minivault_14, kennysheep_donut, uniq_amaemon
D:11:     layout_irregular_city, kennysheep_generic_room_12
D:12:     layout_loops_ring
D:13:     layout_stronghold
D:14:     layout_rooms, david_vaults_4, gammafunk_ghost_ooze,
          minmay_misc_feat_alley
D:15:     gammafunk_depths_entry_grave, layout_long_grid, lemuel_doored_altar,
          minmay_lindwurm_lava
Temple:   hellmonk_temple_divided_pantheon
Lair:1:   layout_cave_shapes, grunt_megastairs_4, uniq_harold
Lair:2:   layout_regular_city, nicolae_spider_entry_non_spiders,
          serial_bayou_shore_b, grunt_megastairs_3, infiniplex_staircase_pool,
          serial_bayou_shore_b
Lair:3:   layout_gridlike, minmay_shoals_entry_hut,
          chequers_serial_rivers_micro_b, beast_lair_carwin_11,
          grunt_megastairs_1
Lair:4:   regret_index_malice_mire, layout_regular_city,
          portal_ice_cave_entry_pillars_1, minivault_27,
          small_statue_intersection, grunt_megastairs_5, lemuel_fruit_fields
Lair:5:   due_jungle_book, layout_loops_ring, nicolae_slime_entry_slimehenge
Orc:1:    giant_chief_lemuel, layout_caves, uniq_jorgrun

Skill      XL: |  1  2  3  4  5  6  7  8  9 10 11 12 13 14 15 16 |
---------------+-------------------------------------------------+-----
Conjurations   | 2 3 4 5 6 8 9 10 12 13 | 13.7
Fire Magic     | 4 5 6 8 9 |  9.6
Air Magic      | 2 |  2.0
Alchemy        | 2 3 6 |  6.0
Spellcasting   | 4 5 6 8 10 11 12 14 | 14.4
Fighting       | 7 10 12 13 | 13.9
Shields        | 4 7 9 10 | 10.0
Dodging        | |  1.5
Stealth        | |  3.0

Action                     |  1- 3 |  4- 6 |  7- 9 | 10-12 | 13-15 | 16-18 || total
---------------------------+-------+-------+-------+-------+-------+-------++-------
  Melee: Unarmed           |     1 |       |       |       |       |       ||     1
         Rapier            |     9 |     8 |       |       |       |       ||    17
         Long sword        |       |       |     4 |       |       |       ||     4
         Whip              |       |       |     4 |    50 |       |       ||    54
         Staff             |       |       |       |     3 |     2 |       ||     5
         Constrict         |       |       |       |       |     1 |       ||     1
   Cast: Foxfire           |    35 |    73 |    88 |   167 |   219 |     9 ||   591
         Scorch            |     7 |    50 |   128 |   161 |   402 |     4 ||   752
         Mercury Vapours   |       |       |    16 |    10 |     5 |       ||    31
         Flame Wave        |       |       |     1 |    25 |    49 |       ||    75
         Olgreb's Toxic Ra |       |       |       |    35 |     9 |       ||    44
         Iskenderun's Batt |       |       |       |       |    97 |       ||    97
         Irradiate         |       |       |       |       |    10 |       ||    10
         Fireball          |       |       |       |       |    56 |    62 ||   118
         Orb of Destructio |       |       |       |       |     1 |       ||     1
Ability: Spit Poison       |     6 |     4 |     1 |     1 |       |     1 ||    13
         Evoke Blink       |       |       |       |       |     6 |       ||     6
    Use: Scroll            |       |     6 |     2 |    13 |     8 |     1 ||    30
         Potion            |       |     4 |     2 |     4 |     1 |       ||    11
 Armour: Robe              |    16 |    52 |    23 |       |       |       ||    91
         Steam dragon scal |       |       |    50 |   181 |   223 |    24 ||   478
  Dodge: Dodged            |    13 |    15 |    33 |    87 |    71 |     3 ||   222
  Block: Kite shield       |       |       |       |       |    57 |    10 ||    67

Table legend: (Time is in decaauts)
 A = Elapsed time spent in this place.
 B = Non-inter-level travel time spent in this place.
 C = Inter-level travel time spent in this place.
 D = Time resting spent in this place.
 E = Time spent auto-exploring this place.
 F = Levels seen in this place.
 G = Mean time per level.
                   A        B        C        D        E       F      G
               +--------+--------+--------+--------+--------+-----+--------+
         Total |  37610 |  35511 |   2099 |   8190 |  20514 |  23 | 1635.2 |
       Dungeon |  25152 |  23513 |   1639 |   5340 |  13990 |  15 | 1676.8 |
        Temple |     52 |     52 |      0 |      0 |      0 |   1 |   52.0 |
          Lair |   9879 |   9420 |    459 |   2009 |   5375 |   5 | 1975.8 |
  Orcish Mines |   1444 |   1444 |      0 |    348 |    867 |   1 | 1444.0 |
      Ice Cave |   1082 |   1082 |      0 |    492 |    281 |   1 | 1082.0 |
               +--------+--------+--------+--------+--------+-----+--------+

Top non-repeatable levels by time:
  Lair:5: 2730 daAuts
     D:9: 2480 daAuts
    D:15: 2176 daAuts
  Lair:4: 2038 daAuts
  Lair:2: 2019 daAuts
    D:13: 1860 daAuts
     D:7: 1827 daAuts
    D:10: 1766 daAuts
  Lair:3: 1744 daAuts
     D:6: 1718 daAuts
    D:11: 1597 daAuts
     D:8: 1559 daAuts
     D:1: 1557 daAuts
     D:3: 1543 daAuts
     D:4: 1542 daAuts
